 Dungeon Crawl Stone Soup version 0.17.1-3-g152610e (webtiles) character file.

7663 Ponchio the Nimble (level 11, -8/68 HPs)
             Began as a Gargoyle Fighter on Feb 26, 2016.
             Was a Believer of Qazlal.
             Killed from afar by Harold (19 damage)
             ... with a bolt of fire
             ... on level 10 of the Dungeon.
             The game lasted 00:55:14 (9875 turns).

Ponchio the Nimble (Gargoyle Fighter)               Turns: 9875, Time: 00:55:14

Health: -8/68      AC: 16    Str: 20    XL:     11   Next: 18%
Magic:  11/11      EV: 14    Int:  9    God:    Qazlal [**....]
Gold:   563        SH: 15    Dex: 12    Spells: 0 memorised, 10 levels left

rFire  . . .     SeeInvis +     i - +2 whip (flame)
rCold  . . .     Clarity  +     L - +0 leather armour {rN+}
rNeg   + + +     SustAt   .     c - +1 shield
rPois  ∞         Gourm    .     z - +2 helmet
rElec  +         Spirit   .     (no cloak)
rCorr  .         Warding  .     (no gloves)
rMut   .         Stasis   .     u - +0 pair of boots
MR     .....                    t - amulet of clarity
Stlth  +.........               G - ring of see invisible (curse)
                                w - ring of positive energy

@: very slightly contaminated, hasted, very quick, not resistant to hostile
enchantments, very unstealthy
A: negative energy resistance 1, electricity resistance, unbreathing,
petrification resistance, rot immunity, AC +7
a: Upheaval, Renounce Religion


You were on level 10 of the Dungeon.
You worshipped Qazlal.
Qazlal was pleased with you.
You were not hungry.

You visited 3 branches of the dungeon, and saw 12 of its levels.
You also visited: Ossuary.

You collected 563 gold pieces.

Inventory:

Hand Weapons
 a - a +0 flail
 i - a +2 whip of flaming (weapon)
 m - a +2 mace of protection
 O - a cursed +3 mace of freezing
Armour
 b - a +0 scale mail
 c - a +1 shield (worn)
 u - a +0 pair of boots (worn)
 v - a +2 helmet
 y - a +0 large shield
 z - a +2 helmet (worn)
 L - a +0 leather armour of positive energy (worn)
Jewellery
 g - an uncursed ring of fire
 j - an uncursed ring of poison resistance
 l - an uncursed ring of wizardry
 t - an amulet of clarity (around neck)
 w - a ring of positive energy (left hand)
 D - an uncursed ring of positive energy
 G - a cursed ring of see invisible (right hand)
 H - a +2 ring of dexterity
 P - a cursed ring of loudness {unknown}
Wands
 o - a wand of magic darts (10)
 I - a wand of slowing (19)
 Q - a wand of magic darts (22)
 R - a wand of fireball (4)
Scrolls
 k - 8 scrolls of teleportation
 n - 7 scrolls of identify
 p - 2 scrolls of enchant armour
 r - 3 scrolls of enchant weapon
 s - 2 scrolls of blinking
 B - a scroll of amnesia {unknown}
 J - a scroll of fog
 N - a scroll of random uselessness {unknown}
 S - a scroll of remove curse {unknown}
Potions
 d - 9 potions of might
 f - a potion of magic
 h - 7 potions of haste
 q - 3 potions of brilliance
 x - a potion of resistance
 C - a potion of berserk rage
 F - a potion of degeneration
Books
 A - a book of the Dragon

   Spells                             Type                      Level
   a - Flame Tongue                   Conjuration/Fire             1
   b - Cause Fear                     Hexes                        4
   c - Bolt of Fire                   Conjuration/Fire             6
   d - Dragon Form                    Transmutation                7
   e - Dragon's Call                  Summoning                    9
Comestibles
 e - 13 bread rations
 K - 6 beef jerkies
 M - 2 meat rations


   Skills:
 - Level 8.2 Fighting
 - Level 6.9 Maces & Flails
 - Level 8.2 Armour
 + Level 8.6 Dodging
 - Level 8.2 Shields


You had 10 spell levels left.
You didn't know any spells.

Dungeon Overview and Level Annotations

Branches:
Dungeon (10/15)            Temple (1/1) D:7            Lair (1/8) D:10
    Orc (0/4) D:10

Altars:
Ashenzari
Cheibriados
Dithmenos
Elyvilon
Fedhas
Gozag
Kikubaaqudgha
Makhleb
Nemelex Xobeh
Okawaru
Qazlal
Ru
Sif Muna
Trog
Vehumet
Xom
Yredelemnul
Zin
The Shining One

Shops:
D:4 *   D:10 [

Annotations:
D:10 Harold


Innate Abilities, Weirdness & Mutations

You are resistant to torment.
Your stone body is resilient (AC +7).
You are immune to poison.
You resist negative energy.
You are resistant to electric shocks.
You can survive without breathing.
You are immune to petrification.
You are immune to rotting.


Message History

Harold hits you with a hand axe.
* * * LOW HITPOINT WARNING * * *
You see here a throwing net.
Harold throws a throwing net.
The throwing net hits you.
You become entangled in the net!
There is a staircase back to the Dungeon here.
You see here a throwing net.
You can't do that while held in a net.
You can't do that while held in a net.
You can't do that while held in a net.
You can't do that while held in a net.
You can't do that while held in a net.
You can't do that while held in a net.
You tear a large gash into the net.
You shred the net and break free!
You climb upwards.
Welcome back to the Dungeon!
There is a staircase to the Lair here.
Harold points at you and mumbles some strange words.
The bolt of fire hits you!
You die...

#........#### #.# #...........###
#.### #########..≈.P.P.P.P..##
#.##. #...............PP..P..#
#.#.. #.........#..PPP..PP.P.##
#.#.# #...........P.P.P...P.P.#
#.... #..........P.P.####P....##
###.#
#..........P..P#.>#...P..######.#
#(.............#@@#P............#
#.[.........P.P#[##P..P.#########
#............PP....P.P..#
#............P....P..P.##
#########..........P...# #
#..#......P...## #
#.........P.### #
######.###.##.### #
#..†...<....#.# #


You could see Harold.

Vanquished Creatures
  Erolcha (D:10)
  Pikel (D:5)
  A manticore (D:9)
  An ugly thing (D:6)
  Maurice (D:10)
  Psyche (D:10)
  A kobold demonologist (D:9)
  A troll (D:10)
  A deep elf fighter (D:10)
  Menkaure (Ossuary)
  2 orc warriors
  A porcupine (Lair:1)
  An ice beast (D:4)
  8 ogres
  4 sky beasts
  3 centaurs
  2 big kobolds (D:10)
  Blork the orc (D:4)
  6 giant frogs
  3 wyvern zombies
  2 scorpions
  A wyvern skeleton (D:7)
  6 killer bees (D:9)
  5 wights (D:9)
  4 crimson imps
  A centaur zombie (D:8)
  A giant frog zombie (D:10)
  2 jellies
  5 hounds
  6 orc wizards
  An iguana (D:5)
  3 centaur skeletons
  An orc priest (D:3)
  Terence (D:3)
  8 worker ants
  A mummy (Ossuary)
  A worker ant zombie (D:10)
  10 adders
  7 gnolls
  7 river rats (D:10)
  A shadow imp (D:8)
  3 adder skeletons
  4 worms
  4 giant geckos
  23 orcs
  9 bats
  A bat zombie (D:9)
  4 goblins
  9 hobgoblins
  4 jackals (D:5)
  2 quokkas
  2 ball pythons (D:3)
  6 giant cockroaches
  2 giant gecko skeletons
  3 giant newts
  3 gnoll skeletons (Ossuary)
  A gnoll zombie (Ossuary)
  A goblin skeleton (Ossuary)
  A goblin zombie (Ossuary)
  2 hobgoblin skeletons (Ossuary)
  5 hobgoblin zombies (Ossuary)
  20 kobolds
  3 kobold skeletons (Ossuary)
  2 kobold zombies (Ossuary)
  3 orc skeletons (Ossuary)
  2 orc zombies (Ossuary)
  A quokka skeleton (D:7)
  10 rats
  5 rat skeletons (Ossuary)
  3 rat zombies
  A fungus (D:10)
  A plant (D:10)
255 creatures vanquished.

Vanquished Creatures (others)
  A scorpion (D:5)
  2 mummies (Ossuary)
  2 gnoll zombies (Ossuary)
  3 goblin skeletons (Ossuary)
  5 goblin zombies (Ossuary)
  2 hobgoblin zombies (Ossuary)
  2 kobold skeletons (Ossuary)
  2 kobold zombies (Ossuary)
  3 rat skeletons (Ossuary)
  2 rat zombies (Ossuary)
24 creatures vanquished.

Grand Total: 279 creatures vanquished

Notes
Turn   | Place    | Note
--------------------------------------------------------------
     0 | D:1      | Ponchio the Gargoyle Fighter began the quest for the Orb.
     0 | D:1      | Reached XP level 1. HP: 14/14 MP: 1/1
   160 | D:1      | Reached XP level 2. HP: 19/19 MP: 2/2
   805 | D:2      | Reached XP level 3. HP: 23/23 MP: 3/3
  1179 | D:3      | Reached XP level 4. HP: 29/29 MP: 4/4
  1251 | D:3      | Noticed Terence
  1259 | D:3      | Killed Terence
  1259 | D:3      | Reached skill level 4 in Fighting
  1273 | D:3      | Found a glowing golden altar of the Shining One.
  1311 | D:3      | Reached XP level 5. HP: 10/33 MP: 5/5
  2290 | D:4      | Found a shadowy altar of Dithmenos.
  2300 | D:4      | Found a glowing silver altar of Zin.
  2300 | D:4      | Found a snail-covered altar of Cheibriados.
  2302 | D:4      | Found a white marble altar of Elyvilon.
  2305 | D:4      | Found a sacrificial altar of Ru.
  2327 | D:4      | Found Gozag's Platinum Reserve.
  2327 | D:4      | Noticed Blork the orc
  2330 | D:4      | Found an opulent altar of Gozag.
  2361 | D:4      | Killed Blork the orc
  2361 | D:4      | Reached XP level 6. HP: 26/39 MP: 6/6
  2519 | D:4      | Noticed an ice beast
  2527 | D:4      | Killed an ice beast
  2527 | D:4      | Reached skill level 5 in Fighting
  2527 | D:4      | Reached skill level 5 in Shields
  2555 | D:4      | Reached XP level 7. HP: 42/44 MP: 7/7
  2572 | D:4      | Reached skill level 5 in Armour
  2874 | D:5      | Entered Level 5 of the Dungeon
  2879 | D:5      | Noticed Pikel
  2916 | D:5      | Killed Pikel
  2916 | D:5      | Reached skill level 6 in Fighting
  2916 | D:5      | Reached XP level 8. HP: 41/51 MP: 8/8
  2972 | D:5      | Reached skill level 5 in Maces & Flails
  3875 | D:6      | Noticed a green ugly thing
  3896 | D:6      | Killed a green ugly thing
  3896 | D:6      | Reached skill level 7 in Fighting
  3896 | D:6      | Reached XP level 9. HP: 24/57 MP: 9/9
  4048 | D:6      | Found a sand-covered staircase.
  4053 | Ossuary  | Entered an ossuary
  4375 | Ossuary  | Noticed Menkaure
  4381 | Ossuary  | Killed Menkaure
  4940 | D:6      | Gained mutation: Your muscles are strong. (Str +2) [mutagenic meat]
  4941 | D:6      | Gained mutation: You are frail (-10% HP). [mutagenic meat]
  4942 | D:6      | Gained mutation: You are occasionally teleported next to monsters. [mutagenic meat]
  4943 | D:6      | Lost mutation: You are occasionally teleported next to monsters. [potion of cure mutation]
  4943 | D:6      | Lost mutation: Your muscles are strong. (Str +2) [potion of cure mutation]
  4943 | D:6      | Lost mutation: You are frail (-10% HP). [potion of cure mutation]
  5394 | D:7      | Found a staircase to the Ecumenical Temple.
  5404 | Temple   | Entered the Ecumenical Temple
  5475 | Temple   | Became a worshipper of Qazlal Stormbringer
  6042 | D:7      | Reached skill level 8 in Armour
  6801 | D:8      | Found a white marble altar of Elyvilon.
  7350 | D:9      | Reached skill level 1 in Dodging
  7358 | D:9      | Reached XP level 10. HP: 58/64 MP: 10/10
  7775 | D:9      | Reached * piety under Qazlal
  7853 | D:9      | Found an ancient bone altar of Kikubaaqudgha.
  7892 | D:9      | Noticed a manticore
  7895 | D:9      | Killed a manticore
  7921 | D:9      | Noticed a kobold demonologist
  7936 | D:9      | Noticed a sixfirhy
  7946 | D:9      | Killed a kobold demonologist
  8026 | D:9      | Reached skill level 5 in Dodging
  8551 | D:10     | Entered Level 10 of the Dungeon
  8742 | D:10     | Reached ** piety under Qazlal
  8775 | D:10     | Found a staircase to the Lair.
  9018 | D:10     | Found Cazeyvar's Armour Shop.
  9023 | D:10     | Found a staircase to the Orcish Mines.
  9184 | D:10     | Noticed Psyche
  9196 | D:10     | Killed Psyche
  9204 | D:10     | Noticed Maurice
  9226 | D:10     | Killed Maurice
  9226 | D:10     | Reached XP level 11. HP: 66/68 MP: 11/11
  9464 | D:10     | Noticed Erolcha
  9478 | D:10     | Killed Erolcha
  9713 | Lair:1   | Entered Level 1 of the Lair of Beasts
  9734 | Lair:1   | Noticed Harold
  9875 | D:10     | Killed from afar by Harold

Action                   |  1- 3 |  4- 6 |  7- 9 | 10-12 || total
-------------------------+-------+-------+-------+-------++-------
Melee: Flail             |    59 |       |       |       ||    59
       Mace              |    69 |   274 |   267 |       ||   610
       Whip              |       |       |   318 |   582 ||   900
Evoke: Wand              |       |       |       |    18 ||    18
  Use: Scroll            |       |       |    19 |       ||    19
       Potion            |       |       |     5 |     5 ||    10
  Eat: Chunk             |     1 |     4 |    13 |     8 ||    26
       Pizza             |       |       |     2 |       ||     2
       Bread ration      |       |       |     1 |       ||     1
       Beef jerky        |       |       |     1 |       ||     1
